 Dungeon Sprint DCSS version 0.31-a0-702-gf82c85558f (webtiles) character file.

Game seed: 16977807699405606680

25 sircluck the Ruffian (level 2, -2/32 HPs)
             Began as a Troll Berserker on Sept 8, 2023.
             Was a Priest of Trog.
             Slain by a water elemental (16 damage)
             ... in the Dungeon (Sprint III: "The Ten Rune Challenge").
             The game lasted 00:00:10 (99 turns).

sircluck the Ruffian (Troll Berserker)                Turns: 99, Time: 00:00:11

Health: -2/32      AC:  4    Str: 24    XL:     2   Next: 86%
Magic:  1/1        EV: 10    Int:  3    God:    Trog [***...]
Gold:   23         SH:  0    Dex:  9    Spells: 1/1 levels left

rFire   . .          .
                       - Unarmed
rCold   . . .        (no shield)
rNeg    . . .        a - +0 animal skin
rPois   .            (helmet restricted)
rElec   .            (no cloak)
rCorr   .            (gloves unavailable)
SInv    .            (boots unavailable)
Will    .....        (no amulet)
Stlth   +            (no ring)
HPRegen 1.05/turn    (no ring)
MPRegen 0.07/turn

%: no teleportation
@: no status effects
A: large, unfitting armour, claws 3, regeneration 1, shaggy fur 1, tough skin 1
a: Renounce Religion, Berserk, Trog's Hand


You were in the Dungeon.
You worshipped Trog.
Trog was most pleased with you.
You visited 1 branch You collected 23 gold pieces.

Inventory:

Armour
 a - a +0 animal skin (worn)
Scrolls
 g - a scroll of blinking
 i - a scroll of poison {unknown}
 j - 3 scrolls of identify
 k - a scroll of immolation {unknown}
Potions
 b - 2 potions of curing
 c - a potion of heal wounds
 d - a potion of haste
 e - 2 potions of magic
 f - a potion of berserk rage
 h - 4 potions of mutation {unknown}
 l - a potion of enlightenment {unknown}


   Skills:
 + Level 3.7 Fighting
 + Level 3.6 Dodging
 + Level 4.4 Unarmed Combat


You had one spell level left.
You didn't know any spells.
Your spell library was empty.

Dungeon Overview and Level Annotations

Branches:
Dungeon (1/1)

Altars:


Innate Abilities, Weirdness & Mutations

You are too large for most types of armour.
You have claws for hands.
Your natural rate of healing is unusually fast.
You are covered in fur. (AC +1)
You have tough skin. (AC +1)


Message History

You open the door.
Found 13 gold pieces and 2 cyan potions.
There is an open door here.
You now have 19 gold pieces (gained 9).
h - a cyan potion;
i - a scroll labelled VETODA MALAG;
j - a scroll of identify
h - 2 cyan potions (gained 1);
b - 2 potions of curing (gained 1)
h - 3 cyan potions (gained 1);
k - a scroll labelled ACZA RAAKLAPIN
j - 3 scrolls of identify (gained 2);
h - 4 cyan potions (gained 1)
l - a fizzy grey potion You now have 23 gold pieces (gained 4).
There is an open door here.
You enter the shallow water.
You open the door.
A water elemental comes into view.
The water elemental hits you.
There is an open door to the Ecumenical Temple, spattered with blood here.
You scratch the water elemental.
The water elemental is moderately damaged.
The water elemental hits you!!
Ouch! That really hurt!
You are too injured to fight recklessly!
You are too injured to fight recklessly!
You are too injured to fight recklessly!
You are too injured to fight recklessly!
You are too injured to fight recklessly!
You are too injured to fight recklessly!
You are too injured to fight recklessly!
You are too injured to fight recklessly!
You are too injured to fight recklessly!
You scratch the water elemental but do no damage.
The water elemental is lightly damaged.
The water elemental closely misses you.
You claw the water elemental!
The water elemental is heavily damaged.
The water elemental barely misses you.
You completely miss the water elemental.
The water elemental is heavily damaged.
The water elemental hits you!
Ouch! That really hurt!
You die...

▓▓▓▓▓▓▓▓▓▓▓ ▓▓▓
.#..'...♣.♣♣ ♣.#
.#..#......♣ ♣♣.#
'####......♣ ♣..#
....#....~♣♣♣♣♣.###+#+##
....#...~~.♣.♣..#.......
...)#..~~~~♣..♣.@.⌠.....
###'#..~≈≈~~~...#E..####
....#.~~≈~~~....#.⌠.#
†...#.~≈~~~.....#...#
....#.~~~.......#+###
#####...........#
................#
▓▓▓▓▓▓▓▓▓▓▓▓▓▓▓▓▓


You could see a water elemental.

Vanquished Creatures
  A human (D)
  A phantom (D)
  An endoplasm (D)
  3 rats (D)
6 creatures vanquished.

Notes
Turn   | Place    | Note
-------+----------+-------------------------------------------
     0 | D        | sircluck the Troll Berserker began the quest for the Orb.
     0 | D        | Reached XP level 1. HP: 22/22 MP: 0/0
    16 | D        | Reached ** piety under Trog
    56 | D        | Reached skill level 4 in Unarmed Combat
    56 | D        | Reached XP level 2. HP: 9/31 MP: 1/1
    62 | D        | Reached *** piety under Trog
    94 | D        | Noticed a water elemental
    99 | D        | Slain by a water elemental

Illustrated notes

Levels and vault maps discovered:
D:        dungeon_sprint_mu [sprint_mu_entry_forest, sprint_mu_temple_rooms,
          sprint_mu_d1_spiders, sprint_mu_d2_genie, sprint_mu_d3_branching,
          sprint_mu_orc_legion, sprint_mu_elf_gauntlet, sprint_mu_hive_nellie,
          sprint_mu_lair_fedhas, sprint_mu_vaults_butterflies,
          sprint_mu_slime_circle, sprint_mu_shoals_archi,
          sprint_mu_snake_twists, sprint_mu_blade_basic,
          sprint_mu_crypt_chambers, sprint_mu_tomb_spiral,
          sprint_mu_vestibule_basic, sprint_mu_gehenna_hellfire,
          sprint_mu_dis_giant, sprint_mu_tartarus_statrot,
          sprint_mu_cocytus_islands, sprint_mu_zot1]

Skill      XL: |  1 |
---------------+----+-----
Fighting       | 3 |  3.7
Dodging        | 3 |  3.6
Unarmed Combat | 4 |  4.4

Action                     || total
---------------------------++-------
  Melee: Unarmed           ||    27
   Stab: Sleeping          ||     1
 Armour: Animal skin       ||    12
  Dodge: Dodged            ||    10

Table legend: (Time is in decaauts)
 A = Elapsed time spent in this place.
 B = Non-inter-level travel time spent in this place.
 C = Inter-level travel time spent in this place.
 D = Time resting spent in this place.
 E = Time spent auto-exploring this place.
 F = Levels seen in this place.
 G = Mean time per level.
                   A        B        C        D        E       F      G
               +--------+--------+--------+--------+--------+-----+--------+
         Total |     97 |     97 |      0 |      0 |     37 |   1 |   97.0 |
       Dungeon |     97 |     97 |      0 |      0 |     37 |   1 |   97.0 |
               +--------+--------+--------+--------+--------+-----+--------+

Top non-repeatable levels by time:
       D: 97 daAuts
